AoeStats
← Governor

Black Forest

510299647Analyzed
4v4 RM · 14h ago on Sep 30, 2026· 41m 27s· 8 players
Game mode
Random Map
Map size
Large (8 player)
Population
200
Speed
Normal
Resources
Standard
Victory
Conquest
Starting age
Dark Age
Ending age
Imperial Age
RankedLock teamsTeams togetherTeam positionsShared explorationLock speedFull tech treeHidden civsTurbo modeCheats
Victory
Defeat
🇬🇧 Slavs · United Kingdom
959
+13
🇬🇧 Spanish · United Kingdom
860
+17
🇺🇸 Khmer · United States
847
+17
🇨🇳 Bohemians · China
837
+17
🇻🇳 Franks · Vietnam
884
-16
🇬🇷 Byzantines · Greece
884
-16
🇨🇳 Vikings · China
881
-43
🇻🇳 Mongols · Vietnam
877
-16
Peony'hihi
1:42 Loom
13:30 Feudal Age
14:50 Double-Bit Axe
14:48 Horse Collar
17:38 Castle Age
16:23 Gold Mining
16:23 Stone Mining
16:27 Fletching
16:38 Padded Archer Armor
16:28 Fletching
17:25 Padded Archer Armor
18:33 Bloodlines
22:25 Wheelbarrow
22:28 Heavy Plow
27:36 Stone Shaft Mining
27:37 Gold Shaft Mining
29:40 Hand Cart
30:52 Town Watch
34:00 Imperial Age
33:20 Ballistics
33:07 Siphons
34:09 Capped Ram
34:11 Onager
35:15 Caravan
35:47 Coinage
35:47 Coinage
35:02 Siege Ram
35:56 Husbandry
36:07 Bloodlines
35:19 Elite Steppe Lancer
36:32 Bodkin Arrow
36:53 Leather Archer Armor
36:44 Scale Barding Armor
36:50 Forging
39:09 Chemistry
39:24 Nomads
39:46 Conscription
38:59 Sappers
40:12 Chain Barding Armor
40:28 Iron Casting
Governor
9:47 Loom
12:16 Feudal Age
13:25 Double-Bit Axe
13:23 Horse Collar
19:21 Gold Mining
25:13 Castle Age
24:43 Scale Mail Armor
24:34 Fletching
24:55 Forging
26:10 Squires
27:46 Bow Saw
27:09 Pikeman
Mr Seymour Guado
2:00 Loom
12:02 Feudal Age
13:35 Wheelbarrow
12:49 Double-Bit Axe
12:46 Horse Collar
13:06 Man-at-Arms
21:32 Castle Age
22:42 Hand Cart
22:42 Bow Saw
22:25 Stone Mining
22:40 Heavy Plow
22:59 Gold Mining
23:45 Stone Shaft Mining
31:10 Long Swordsman
31:39 Gambesons
31:55 Squires
31:50 Arson
32:19 Forging
32:10 Scale Mail Armor
32:51 Gold Shaft Mining
34:16 Iron Casting
35:18 Chain Mail Armor
38:42 Imperial Age
36:11 Crossbowman
36:58 Thumb Ring
38:48 Fletching
38:59 Padded Archer Armor
41:00 Bodkin Arrow
41:21 Leather Archer Armor
dangcongtien.thcslb
10:57 Feudal Age
11:41 Double-Bit Axe
17:37 Castle Age
16:00 Stone Mining
16:07 Gold Mining
21:43 Wheelbarrow
20:53 Loom
22:22 Gold Shaft Mining
22:41 Bow Saw
26:01 Hand Cart
30:32 Imperial Age
28:24 Forging
28:19 Scale Barding Armor
28:05 Fletching
29:39 Coinage
29:10 Caravan
29:50 Iron Casting
30:28 Chain Barding Armor
32:28 Ballistics
33:09 Chemistry
31:50 Treadmill Crane
33:14 Chemistry
32:36 Ballistics
33:47 Plate Barding Armor
34:13 Blast Furnace
33:08 Bodkin Arrow
33:22 Husbandry
32:43 Cavalier
32:54 Cavalier
33:07 Onager
34:40 Paladin
Asvald
9:43 Loom
12:27 Feudal Age
18:24 Castle Age
17:39 Double-Bit Axe
17:36 Horse Collar
19:28 Gold Mining
22:01 Bow Saw
21:53 Heavy Plow
26:33 Forging
26:28 Scale Barding Armor
31:35 Husbandry
31:46 Bloodlines
34:29 Imperial Age
33:11 Wheelbarrow
32:22 Town Watch
33:46 Caravan
34:24 Iron Casting
34:09 Chain Barding Armor
35:46 Hand Cart
35:21 Cavalier
38:51 Blast Furnace
38:41 Town Patrol
39:37 Conscription
40:16 Paladin
42:26 Plate Barding Armor
AgEnT10101
0:28 Loom
11:57 Feudal Age
17:01 Castle Age
15:40 Horse Collar
15:51 Double-Bit Axe
19:19 Stone Mining
23:05 Wheelbarrow
24:20 Bow Saw
24:39 Gold Mining
26:07 Heavy Plow
26:51 Hand Cart
27:42 Scale Mail Armor
27:53 Forging
32:25 Imperial Age
29:43 Man-at-Arms
30:24 Squires
30:44 Chain Mail Armor
31:43 Gold Shaft Mining
32:05 Iron Casting
31:20 Long Swordsman
32:32 Onager
33:34 Conscription
33:00 Two-Handed Swordsman
34:29 Plate Mail Armor
34:59 Blast Furnace
34:17 Druzhina
34:02 Champion
35:13 Pikeman
36:28 Halberdier
39:27 Two-Man Saw
39:00 Crop Rotation
41:22 Siege Onager
seven^^
10:49 Feudal Age
15:01 Castle Age
15:17 Double-Bit Axe
34:43 Imperial Age
32:43 Horse Collar
33:19 Bow Saw
34:01 Forging
33:52 Scale Mail Armor
33:55 Caravan
34:35 Pikeman
35:17 Squires
35:22 Arson
36:14 Iron Casting
35:54 Chain Mail Armor
36:11 Halberdier
37:30 Heavy Plow
39:48 Blast Furnace
39:18 Plate Mail Armor
40:24 Wheelbarrow
41:04 Chemistry
41:18 Houfnice
eleven
11:06 Feudal Age
12:31 Wheelbarrow
11:46 Double-Bit Axe
14:40 Gold Mining
14:44 Stone Mining
17:19 Castle Age
15:40 Horse Collar
15:57 Stone Mining
18:18 Hand Cart
18:16 Bow Saw
27:20 Stone Shaft Mining
31:59 Imperial Age
29:55 Scale Mail Armor
30:06 Forging
30:19 Ballistics
30:23 Caravan
30:53 Coinage
31:16 Scale Barding Armor
30:36 Pikeman
31:01 Arson
33:02 Iron Casting
32:42 Chain Mail Armor
32:10 Heavy Scorpion
34:32 Chemistry
33:59 Double Crossbow
35:27 Siege Engineers
36:24 Blast Furnace
35:50 Conscription
34:54 Halberdier
36:25 Banking
36:36 Gold Shaft Mining
36:10 Capped Ram
37:20 Heavy Plow
37:56 Siege Ram
40:06 Siege Engineers
Connection lost

Rejoining the realm…

Still unreachable

The connection could not be restored.

Session expired

The server has moved on; the page needs a fresh start.